 Dungeon Crawl Stone Soup version bcrawl-1.22 (webtiles) character file.

Game seed: 10191695428535240588

724 tognito the Cleaver (level 7, -1/85 HPs)
             Began as a Minotaur Berserker on May 8, 2020.
             Was a Believer of Trog.
             Slain by a sky beast (5 damage)
             ... on level 4 of the Dungeon.
             The game lasted 00:05:39 (3277 turns).

tognito the Cleaver (Minotaur Berserker)            Turns: 3277, Time: 00:05:39

Health: -1/85      AC: 11    Str: 28    XL:     7   Next: 43%
Magic:  0/2        EV:  8    Int:  4    God:    Trog [**....]
Gold:   329        SH:  0    Dex: 17    Spells: 6/6 levels left

rFire    . . .     SeeInvis .   k - +5 mace of the Lumpy Tables {antimagic, rC+ Dex+7}
rCold    + . .     Gourm    .   (no shield)
rNeg     . . .     Faith    .   b - +0 plate armour
rPois    .         Spirit   +   (helmet restricted)
rElec    .         Reflect  .   (no cloak)
rCorr    .         Harm     .   (no gloves)
MR       .....                  (no boots)
Stlth    ..........             h - amulet of guardian spirit
HPRegen  0.24/turn              (no ring)
MPRegen  0.08/turn              (no ring)

@: berserking, very quick
A: retaliatory headbutt, horns 2
a: Berserk, Trog's Hand, Renounce Religion


You were on level 4 of the Dungeon.
You worshipped Trog.
Trog was pleased with you.
You were hungry.

You visited 1 branch of the dungeon, and saw 4 of its levels.

You collected 329 gold pieces.

Inventory:

Hand Weapons
 a - a +0 hand axe
 k - the +5 mace of the Lumpy Tables (weapon) {antimagic, rC+ Dex+7}
   (You found it on level 4 of the Dungeon)

   It reduces the magical energy of the wielder, and disrupts the spells and
   magical abilities of those hit.
   Natural abilities and divine invocations are not affected.
   It affects your dexterity (+7).
   It protects you from cold.
Missiles
 d - 513 arrows
Armour
 b - a +0 plate armour (worn)
Jewellery
 h - an amulet of guardian spirit (around neck)
 i - an uncursed ring of protection from magic {unknown}
Scrolls
 c - 4 scrolls of identify
 f - 2 scrolls of enchant armour {unknown}
Potions
 j - a potion of brilliance
Comestibles
 e - 4 rations {!d}
 g - 11 chunks of flesh


   Skills:
 - Level 3.6 Fighting
 * Level 10.4 Axes
 - Level 2.4 Armour
 - Level 2.1 Dodging


You had 6 spell levels left.
You didn't know any spells.
Your spell library was empty.

Dungeon Overview and Level Annotations

Branches:
Dungeon (4/12)
 Temple: D:4-7

Altars:
Elyvilon
Wu Jian


Innate Abilities, Weirdness & Mutations

You reflexively headbutt those who attack you in melee.
You have a pair of horns on your head.


Message History

The sky beast barely misses you. Menkaure closely misses you.
You sock Menkaure!
Menkaure's magic leaks into the air.
You headbutt Menkaure!
Menkaure is almost destroyed.
Menkaure calls on the powers of darkness!
The sky beast convulses!
Your body is wracked with pain!
* * * LOW HITPOINT WARNING * * *
The sky beast flickers out of sight!
Deactivating autopickup; reactivate with Ctrl-A.
Something hits you.
* * * LOW HITPOINT WARNING * * *
Something shocks you.
* * * LOW HITPOINT WARNING * * *
You sock Menkaure!
You destroy Menkaure!
Trog accepts your kill.
Trog appreciates your killing of a magic user.
Something hits you.
* * * LOW HITPOINT WARNING * * *
Something shocks you.
You die...

##..# ...#### . ## .....
.. ##.. #... ... #...
###.## ....
#..##....####.....
##....{....#.......
#)...@#......M.....
#.....###.##.......
####........# .##....
##........#..# .. ...
#......^....## #.. .
##...........# ...
#.......###..# ....
####.........##........#
#..##).............


There were no monsters in sight!

Vanquished Creatures
  A centaur zombie (D:4)
  Menkaure (D:4)
  A scorpion (D:3)
  2 hounds
  An orc wizard (D:3)
  A worker ant (D:4)
  3 gnolls (D:4)
  2 adders (D:3)
  An ooze (D:2)
  3 worms
  A dart slug (D:3)
  4 leopard geckos
  2 orcs (D:3)
  A ball python (D:1)
  3 bats
  5 giant cockroaches
  9 goblins
  12 hobgoblins
  8 kobolds
  6 frilled lizards
  5 rats
72 creatures vanquished.

Notes
Turn   | Place    | Note
-------+----------+-------------------------------------------
     0 | D:1      | tognito the Minotaur Berserker began the quest for the Orb.
     0 | D:1      | Reached XP level 1. HP: 19/19 MP: 0/0
   231 | D:1      | Reached skill level 4 in Axes
   294 | D:1      | Reached XP level 2. HP: 13/26 MP: 1/1
   874 | D:1      | Reached skill level 5 in Axes
   876 | D:1      | Reached ** piety under Trog
  1055 | D:1      | Reached XP level 3. HP: 31/31 MP: 2/2
  1509 | D:2      | Found an ornate altar of the Wu Jian Council.
  1958 | D:2      | Found a white marble altar of Elyvilon.
  2156 | D:3      | Noticed a scorpion
  2173 | D:3      | Killed a scorpion
  2173 | D:3      | Reached skill level 6 in Axes
  2173 | D:3      | Reached XP level 4. HP: 10/39 MP: 0/3
  2394 | D:3      | Found a faded altar of an unknown god.
  2408 | D:3      | Reached skill level 7 in Axes
  2408 | D:3      | Reached XP level 5. HP: 34/45 MP: 2/4
  3074 | D:4      | Noticed a centaur warrior zombie
  3086 | D:4      | Reached skill level 8 in Axes
  3089 | D:4      | Reached XP level 6. HP: 35/51 MP: 2/5
  3097 | D:4      | Reached skill level 9 in Axes
  3097 | D:4      | Reached XP level 7. HP: 36/57 MP: 2/6
  3125 | D:4      | Noticed Menkaure
  3226 | D:4      | Reached skill level 10 in Axes
  3246 | D:4      | Got a bloodstained mace
  3257 | D:4      | Identified the +5 mace of the Lumpy Tables {antimagic, rC+
                  | Dex+7} (You found it on level 4 of the Dungeon)
  3277 | D:4      | Killed Menkaure
  3277 | D:4      | HP: 4/85 [something (1)]
  3277 | D:4      | Slain by a sky beast

Skill      XL: |  1  2  3  4  5  6  7 |
---------------+----------------------+-----
Axes           | 4 5 6 7 8 9 10 | 10.4
Fighting       | |  3.6
Armour         | |  2.4
Dodging        | |  2.1

Action                   |  1- 3 |  4- 6 |  7- 9 || total
-------------------------+-------+-------+-------++-------
Melee: Hand axe          |   108 |    76 |    23 ||   207
       Headbutt          |    19 |    15 |     6 ||    40
       Mace              |       |       |    11 ||    11
Invok: Trog's Hand       |     1 |       |       ||     1
       Berserk           |       |       |     1 ||     1
  Use: Potion            |     5 |       |       ||     5
       Scroll            |       |       |     1 ||     1
  Eat: Chunk             |     4 |     3 |     1 ||     8
Armor: Animal skin       |     6 |       |       ||     6
       Ring mail         |    18 |       |       ||    18
       Plate armour      |       |    56 |    17 ||    73
Dodge: Dodged            |    49 |    27 |     4 ||    80
